 Dungeon Crawl Stone Soup version 0.28.0-49-g6dfe1f597d (webtiles) character file.

Game seed: 10235619707035019063

895 acdeimund the Chopper (level 7, -3/66 HPs)
             Began as a Deep Dwarf Fighter on May 13, 2022.
             Slain by an ogre
             ... wielding a +0 giant spiked club
              (18 damage)
             ... on level 5 of the Dungeon.
             The game lasted 00:10:10 (2726 turns).

acdeimund the Chopper (Deep Dwarf Fighter)          Turns: 2726, Time: 00:10:11

Health: -3/66      AC: 12    Str: 22    XL:     7   Next: 78%
Magic:  6/6        EV:  7    Int:  8    God:
Gold:   181        SH:  5    Dex: 12    Spells: 6/6 levels left

rFire   . . .      SeeInvis .   a - +0 war axe
rCold   . . .      Faith    .   c - +0 buckler
rNeg    + . .      Spirit   .   i - +0 chain mail
rPois   .          Reflect  .   (no helmet)
rElec   .          Harm     .   (no cloak)
rCorr   .          Rampage  .   (no gloves)
Will    +....                   j - +1 pair of boots
Stlth   ..........              (no amulet)
HPRegen 0.00/turn               p - ring of positive energy
MPRegen 0.10/turn               (no ring)

@: no status effects
A: damage resistance, heal wounds, sense surroundings 1, no regeneration
a: Heal Wounds


You were on level 5 of the Dungeon.
You visited 1 branch of the dungeon, and saw 5 of its levels.

You collected 181 gold pieces.

Inventory:

Hand Weapons
 a - a +0 war axe (weapon)
 k - a +2 whip of flaming
Armour
 b - a +0 scale mail
 c - a +0 buckler (worn)
 i - a +0 chain mail (worn)
 j - a +1 pair of boots (worn)
Jewellery
 h - a +6 ring of intelligence
 p - a ring of positive energy (left hand)
Scrolls
 e - 3 scrolls of teleportation
 o - a scroll of immolation
Potions
 d - a potion of might
 f - 2 potions of cancellation
 g - 2 potions of flight
 m - a potion of invisibility
 n - a potion of curing


   Skills:
 + Level 4.4 Fighting
 * Level 6.5 Axes
 + Level 5.3 Armour
 + Level 5.4 Shields


You had 6 spell levels left.
You didn't know any spells.
Your spell library contained the following spells:

 Spells                   Type           Power      Damage    Failure   Level
 Ensorcelled Hibernation  Hex/Ice        0%         N/A       100%        2
 Passwall                 Tmut/Erth      0%         N/A       100%        2
 Swiftness                Air            0%         N/A       100%        3


Dungeon Overview and Level Annotations

Branches:
Dungeon (5/15)
 Temple: D:4-7

Altars:
Nemelex Xobeh
Qazlal
Yredelemnul

Shops:
D:3 =

Annotations:
D:2 1 runed translucent door, Crazy Yiuf


Innate Abilities, Weirdness & Mutations

You are resistant to damage.
You can heal yourself by infusing magical energy.
You passively map a small area around you.
You do not regenerate.


Message History

You miss the ufetubus. You block the ufetubus's attack.
The ufetubus hits you but does no damage.
The ufetubus hits you.
The ufetubus hits you but does no damage.
The orc hits you from afar with a +0 trident.
You block the ogre's attack. You block the ufetubus's attack.
The ufetubus hits you but does no damage.
You hit the ogre but do no damage. You barely miss the ufetubus.
The ufetubus hits you. x2; The orc closely misses you.
The ogre hits you with a +0 giant spiked club!!
* * * LOW HITPOINT WARNING * * *
The ufetubus hits you. You block the ufetubus's attack.
You slash the ogre!
The ogre is heavily wounded.
You completely miss the ufetubus. The ufetubus barely misses you.
The ufetubus hits you but does no damage.
The orc hits you but does no damage. The ogre barely misses you.
You block the ufetubus's attack. x2; The orc barely misses you.
You hit the ogre but do no damage.
The ogre is moderately wounded.
You barely miss the ufetubus.
The ufetubus hits you but does no damage.
The ufetubus barely misses you. The orc hits you but does no damage.
The ogre barely misses you. You block the ufetubus's attack.
The ufetubus barely misses you.
You slash the ogre!
The ogre is almost dead.
You closely miss the ufetubus. The ufetubus hits you.
The ufetubus barely misses you. The orc hits you but does no damage.
The ogre hits you with a +0 giant spiked club.
Unknown command.
You hit the ogre but do no damage.
The ogre is severely wounded.
You miss the ufetubus. The ufetubus hits you.
* * * LOW HITPOINT WARNING * * *
You block the ufetubus's attack. The orc closely misses you.
You block the ufetubus's attack.
The ufetubus hits you but does no damage.
The ogre hits you with a +0 giant spiked club!!
You die...

..)..l......#........#.#
............#........#.####
......####.##........#....#
......####.##...o....#....#
..........†...............#
........##l#######........#
......., #o# #........#
...,, #5# #.###....# * ..
#@##### #.###.#### .
#O....# #.##..)... , , ,
#.....# #.##......
.,#.....# #.##...... * ,
*#..#.....# #.........
#.(......# #......... ,
#.#......###......... ,
#....................
#........####........


You could see an ogre, an iguana, an orc and an ufetubus.

Vanquished Creatures
  Menkaure (D:5)
  A necrophage (D:5)
  An ogre (D:4)
  A scorpion (D:5)
  A howler monkey (D:5)
  2 hounds
  A bullfrog skeleton (D:5)
  A centaur skeleton (D:5)
  An orc priest (D:5)
  Jessica (D:2)
  An orc wizard (D:3)
  2 iguanas (D:4)
  A hound skeleton (D:4)
  5 gnolls
  7 adders
  A shadow imp (D:3)
  3 worms
  A dart slug (D:3)
  22 orcs
  2 bats
  5 endoplasms
  3 giant cockroaches
  7 goblins
  12 hobgoblins
  5 kobolds
  3 quokkas
  7 ball pythons
  4 frilled lizards
  6 rats
108 creatures vanquished.

Vanquished Creatures (others)
  3 plants
3 creatures vanquished.

Grand Total: 111 creatures vanquished

Notes
Turn   | Place    | Note
-------+----------+-------------------------------------------
     0 | D:1      | acdeimund the Deep Dwarf Fighter began the quest for the
                  | Orb.
     0 | D:1      | Reached XP level 1. HP: 20/20 MP: 1/1
    51 | D:1      | Found a faded altar of an unknown god.
   210 | D:1      | Reached XP level 2. HP: 21/27 MP: 2/2
   663 | D:2      | Noticed Jessica
   665 | D:2      | Reached skill level 3 in Axes
   668 | D:2      | Reached XP level 3. HP: 25/33 MP: 3/3
   680 | D:2      | Killed Jessica
   688 | D:2      | Found a basalt altar of Yredelemnul.
   706 | D:2      | Reached XP level 4. HP: 39/42 MP: 4/4
   953 | D:2      | Found a runed translucent door.
   954 | D:2      | Noticed Crazy Yiuf
  1126 | D:3      | Reached skill level 4 in Axes
  1131 | D:3      | Reached XP level 5. HP: 16/49 MP: 5/5
  1213 | D:3      | Found Boiw's One-of-a-Kind Rings.
  1485 | D:3      | Found a stormy altar of Qazlal.
  1872 | D:4      | Reached XP level 6. HP: 50/57 MP: 6/6
  1994 | D:4      | Reached skill level 5 in Axes
  2239 | D:4      | Found a sparkling altar of Nemelex Xobeh.
  2376 | D:5      | Entered Level 5 of the Dungeon
  2450 | D:5      | Reached skill level 5 in Shields
  2450 | D:5      | Reached XP level 7. HP: 29/64 MP: 6/6
  2538 | D:5      | Noticed Menkaure
  2545 | D:5      | Killed Menkaure
  2546 | D:5      | Reached skill level 6 in Axes
  2546 | D:5      | Reached skill level 5 in Armour
  2726 | D:5      | Slain by an ogre

Illustrated notes

Levels and vault maps discovered:
D:1:      nicolae_arrival_washed_ashore, layout_rooms, basic_ecumenical_altar,
          serial_bayou_lagoon_b
D:2:      layout_rooms, basic_altar, uniq_crazy_yiuf_cottage, uniq_jessica
D:3:      layout_loops_ring, mainiacjoe_overflow_cross_hatched,
          nicolae_shop_unique_rings, minmay_box_of_dots
D:4:      layout_basic, nemelex_spade_bored_becter, kennysheep_minor_cross,
          sigmund_army
D:5:      layout_basic, uniq_menkaure

Skill      XL: |  1  2  3  4  5  6  7 |
---------------+----------------------+-----
Axes           | 3 4 5 6 |  6.5
Fighting       | 3 4 |  4.4
Armour         | 4 5 |  5.3
Shields        | 4 5 |  5.4

Action                   |  1- 3 |  4- 6 |  7- 9 || total
-------------------------+-------+-------+-------++-------
Melee: War axe           |    65 |   220 |    71 ||   356
 Abil: Heal Wounds       |     1 |     7 |     1 ||     9
  Use: Scroll            |     2 |     8 |       ||    10
       Potion            |       |       |     1 ||     1
Armor: Scale mail        |    11 |       |       ||    11
       Chain mail        |    29 |   133 |    44 ||   206
Dodge: Dodged            |    20 |   104 |    28 ||   152
Block: Buckler           |    13 |    63 |    28 ||   104
